APL (24 & UNDER)
EL PASO TEXANS @ SCOTTSDALE SCORPIONS
08/30/2027
 
TOP OF THE 1ST
El Paso Texans batting - Pitching for Scottsdale Scorpions : LHP Eric Fisher
Pitching: LHP Eric Fisher
Batting: RHB Ken Fingers 0-0: SINGLE (Line Drive, 8RS)
Batting: RHB Cole Boehmer 0-0: Foul Ball, location: 2F
0-1: SINGLE (Groundball, 34D)
Ken Fingers to second
Runner from 2nd tries for 3rd, OUT!
Batting: LHB Michael Melton 0-0: Called Strike
0-1: Called Strike
0-2: Ball
1-2: Strikes out looking
Batting: RHB Javier Álvarez 0-0: Foul Ball, location: 2F
0-1: Ball
1-1: Ball
2-1: Called Strike
2-2: Strikes out swinging
Top of the 1st over - 0 run(s), 2 hit(s), 0 error(s), 1 left on base; El Paso 0 - Scottsdale 0
BOTTOM OF THE 1ST
Scottsdale Scorpions batting - Pitching for El Paso Texans : RHP Cliff Wolfe
Pitching: RHP Cliff Wolfe
Batting: SHB Arnold Moore 0-0: Ball
1-0: Ground out 6-3 (Groundball, 6)
Batting: RHB Jaime Delgado 0-0: Ball
1-0: Called Strike
1-1: Called Strike
1-2: Ball
2-2: Foul Ball, location: 2F
2-2: Foul Ball, location: 2F
2-2: Strikes out swinging
Batting: SHB Ralph Robison 0-0: Ball
1-0: Foul Ball, location: 2F
1-1: Swinging Strike
1-2: Ground out 4-3 (Groundball, 4D)
Bottom of the 1st over - 0 run(s), 0 hit(s), 0 error(s), 0 left on base; El Paso 0 - Scottsdale 0
TOP OF THE 2ND
El Paso Texans batting - Pitching for Scottsdale Scorpions : LHP Eric Fisher
Batting: SHB Oliver Riley 0-0: Ball
1-0: Ground out 6-3 (Groundball, 56)
Batting: RHB Domingo Morales 0-0: Called Strike
0-1: Swinging Strike
0-2: Ball
1-2: Strikes out swinging
Batting: RHB Marvin Johnson 0-0: Ball
1-0: Called Strike
1-1: Ball
2-1: Ground out 4-3 (Groundball, 4M)
Top of the 2nd over - 0 run(s), 0 hit(s), 0 error(s), 0 left on base; El Paso 0 - Scottsdale 0
BOTTOM OF THE 2ND
Scottsdale Scorpions batting - Pitching for El Paso Texans : RHP Cliff Wolfe
Batting: RHB Edgardo Gonzáles 0-0: Ball
1-0: Ball
2-0: Fly out, F8 (Flyball, 8RM)
Batting: LHB Ernesto Hernández 0-0: Fly out, F8 (Line Drive, 8LS)
Batting: LHB Manny Vigil 0-0: Hit by Pitch
Batting: RHB Lúcio Ramírez 0-0: Ball
Passed Ball!
Manny Vigil to second
1-0: Ball
2-0: Called Strike
2-1: Called Strike
2-2: Ball
3-2: Base on Balls
Batting: RHB Miguel Ramos 0-0: Swinging Strike
0-1: DOUBLE (Line Drive, 5D)
Manny Vigil scores
Lúcio Ramírez to third
Runner from 3rd tries for Home, SAFE, no throw
Batting: SHB Luis López 0-0: Ball
1-0: Ball
2-0: Ball
3-0: Called Strike
3-1: Called Strike
3-2: Base on Balls
Batting: SHB Arnold Moore 0-0: Ball
1-0: SINGLE (Line Drive, 7S)
Miguel Ramos to third
Luis López to second
Runner from 3rd tries for Home, SAFE, no throw
Batting: RHB Jaime Delgado 0-0: Called Strike
0-1: Fly out, F9 (Flyball, 9LMF)
Bottom of the 2nd over - 3 run(s), 2 hit(s), 0 error(s), 2 left on base; El Paso 0 - Scottsdale 3
TOP OF THE 3RD
El Paso Texans batting - Pitching for Scottsdale Scorpions : LHP Eric Fisher
Batting: RHB Wayne Carter 0-0: Called Strike
0-1: Swinging Strike
0-2: Strikes out looking
Batting: RHB José Murillo 0-0: Foul Ball, location: 2F
0-1: Called Strike
0-2: Foul Ball, location: 2F
0-2: Ball
1-2: Strikes out swinging
Batting: RHB Ken Fingers 0-0: Called Strike
0-1: Ball
1-1: Ground out 4-3 (Groundball, 4)
Top of the 3rd over - 0 run(s), 0 hit(s), 0 error(s), 0 left on base; El Paso 0 - Scottsdale 3
BOTTOM OF THE 3RD
Scottsdale Scorpions batting - Pitching for El Paso Texans : RHP Cliff Wolfe
Batting: SHB Ralph Robison 0-0: Foul Ball, location: 2F
0-1: Ball
1-1: SINGLE (Groundball, 6MD)
Batting: RHB Edgardo Gonzáles 0-0: Called Strike
0-1: Ball
1-1: SINGLE (Line Drive, 6D)
Ralph Robison to second
Batting: LHB Ernesto Hernández 0-0: Called Strike
0-1: Single, Error in OF, E8, batter to second base
Ralph Robison scores
Edgardo Gonzáles to third
Batting: LHB Manny Vigil 0-0: Ball
1-0: Fly out, F6 (Line Drive, 6)
Batting: RHB Lúcio Ramírez 0-0: Ball
1-0: Ground out 5-3 (Groundball, 56)
Edgardo Gonzáles scores
Batting: RHB Miguel Ramos 0-0: Called Strike
0-1: Ground out 6-3 (Groundball, 56)
Bottom of the 3rd over - 2 run(s), 3 hit(s), 1 error(s), 1 left on base; El Paso 0 - Scottsdale 5
TOP OF THE 4TH
El Paso Texans batting - Pitching for Scottsdale Scorpions : LHP Eric Fisher
Batting: RHB Cole Boehmer 0-0: Ball
1-0: Called Strike
1-1: Ball
2-1: Fly out, F8 (Flyball, 8RS)
Batting: LHB Michael Melton 0-0: SINGLE (Groundball, 5) (infield hit)
Batting: RHB Javier Álvarez 0-0: Ball
1-0: Ball
2-0: Ball
3-0: Called Strike
3-1: Foul Ball, location: 2F
3-2: Strikes out looking
Batting: SHB Oliver Riley 0-0: Fielders Choice at 2nd, 5-4 (Groundball, 56)
Top of the 4th over - 0 run(s), 1 hit(s), 0 error(s), 0 left on base; El Paso 0 - Scottsdale 5
BOTTOM OF THE 4TH
Scottsdale Scorpions batting - Pitching for El Paso Texans : RHP Cliff Wolfe
Batting: SHB Luis López 0-0: Fly out, F7 (Flyball, 78S)
Batting: SHB Arnold Moore 0-0: Ball
1-0: Called Strike
1-1: Called Strike
1-2: Ball
2-2: SINGLE (Line Drive, 8LS)
Batting: RHB Jaime Delgado 0-0: Called Strike
0-1: Fielders Choice at 2nd, 4-6 (Groundball, 4)
Batting: SHB Ralph Robison 0-0: Ball
1-0: Ball
2-0: Fly out, F4 (Line Drive, 4)
Bottom of the 4th over - 0 run(s), 1 hit(s), 0 error(s), 1 left on base; El Paso 0 - Scottsdale 5
TOP OF THE 5TH
El Paso Texans batting - Pitching for Scottsdale Scorpions : LHP Eric Fisher
Batting: RHB Domingo Morales 0-0: Called Strike
0-1: Foul Ball, location: 2F
0-2: Ball
1-2: Ground out 5-3 (Groundball, 56S)
Batting: RHB Marvin Johnson 0-0: Ball
1-0: Called Strike
1-1: Foul Ball, location: 2F
1-2: Ball
2-2: Ball
3-2: Foul Ball, location: 2F
3-2: Strikes out swinging
Batting: RHB Wayne Carter 0-0: Called Strike
0-1: Swinging Strike
0-2: Ball
1-2: SINGLE (Groundball, 56D)
Batting: RHB José Murillo 0-0: Ball
1-0: Called Strike
1-1: Ball
2-1: Called Strike
2-2: Strikes out swinging
Top of the 5th over - 0 run(s), 1 hit(s), 0 error(s), 1 left on base; El Paso 0 - Scottsdale 5
BOTTOM OF THE 5TH
Scottsdale Scorpions batting - Pitching for El Paso Texans : RHP Cliff Wolfe
Pitching: RHP Bill Hines
Batting: RHB Edgardo Gonzáles 0-0: Foul Ball, location: 2F
0-1: Ball
1-1: Foul Ball, location: 2F
1-2: Ball
2-2: Ball
3-2: Strikes out swinging
Batting: LHB Ernesto Hernández 0-0: Foul Ball, location: 2F
0-1: Fly out, F9 (Flyball, 89M)
Batting: LHB Manny Vigil 0-0: Ball
1-0: Called Strike
1-1: Called Strike
1-2: Ball
2-2: Strikes out swinging
Bottom of the 5th over - 0 run(s), 0 hit(s), 0 error(s), 0 left on base; El Paso 0 - Scottsdale 5
TOP OF THE 6TH
El Paso Texans batting - Pitching for Scottsdale Scorpions : LHP Eric Fisher
Batting: RHB Ken Fingers 0-0: Called Strike
0-1: Swinging Strike
0-2: Ball
1-2: SOLO HOME RUN (Line Drive, 7D), Distance : 354 ft
Batting: RHB Cole Boehmer 0-0: Called Strike
0-1: Swinging Strike
0-2: Strikes out swinging
Batting: LHB Michael Melton 0-0: Called Strike
0-1: Swinging Strike
0-2: Strikes out looking
Batting: RHB Javier Álvarez 0-0: Ball
1-0: Ball
2-0: Called Strike
2-1: Ball
3-1: Base on Balls
Batting: SHB Oliver Riley 0-0: Called Strike
0-1: Ball
1-1: Called Strike
1-2: Strikes out swinging
Top of the 6th over - 1 run(s), 1 hit(s), 0 error(s), 1 left on base; El Paso 1 - Scottsdale 5
BOTTOM OF THE 6TH
Scottsdale Scorpions batting - Pitching for El Paso Texans : RHP Bill Hines
Batting: RHB Lúcio Ramírez 0-0: Ball
1-0: Called Strike
1-1: Ball
2-1: Ball
3-1: Swinging Strike
3-2: Foul Ball, location: 2F
3-2: Strikes out swinging
Batting: RHB Miguel Ramos 0-0: Foul Ball, location: 2F
0-1: Ball
1-1: Ball
2-1: Ball
3-1: Called Strike
3-2: Base on Balls
Batting: SHB Luis López 0-0: Ball
1-0: Ball
Miguel Ramos steals 2nd base
2-0: Ground out 3-1 (Groundball, 34S)
Miguel Ramos to third
Batting: SHB Arnold Moore 0-0: Ball
1-0: Ball
2-0: Foul Ball, location: 2F
2-1: Ball
3-1: Foul Ball, location: 2F
3-2: Fly out, F8 (Flyball, 8LM)
Bottom of the 6th over - 0 run(s), 0 hit(s), 0 error(s), 1 left on base; El Paso 1 - Scottsdale 5
TOP OF THE 7TH
El Paso Texans batting - Pitching for Scottsdale Scorpions : LHP Eric Fisher
Batting: RHB Domingo Morales 0-0: Called Strike
0-1: Ball
1-1: Ball
2-1: Ball
3-1: Base on Balls
Pitching: RHP José Alvarado
Batting: RHB Marvin Johnson 0-0: Swinging Strike
0-1: Swinging Strike
0-2: Strikes out looking
Batting: RHB Wayne Carter 0-0: Foul Ball, location: 2F
0-1: Called Strike
0-2: SINGLE (Groundball, 4MD)
Domingo Morales to second
Batting: RHB José Murillo 0-0: Ball
1-0: Foul Ball, location: 2F
1-1: Foul Ball, location: 2F
1-2: Ball
2-2: Foul Ball, location: 2F
2-2: Ball
3-2: Foul Ball, location: 2F
3-2: Base on Balls
Domingo Morales to third
Wayne Carter to second
Batting: RHB Ken Fingers 0-0: Foul Ball, location: 2F
0-1: SINGLE (Groundball, 6MD)
Domingo Morales scores
Wayne Carter to third
José Murillo to second
Runner from 3rd tries for Home, SAFE, no throw
Pinch Hitting: RHB John Wilson 0-0: Ball
1-0: Foul Ball, location: 2F
1-1: Swinging Strike
1-2: Ball
2-2: Foul Ball, location: 2F
2-2: Strikes out looking
Pinch Hitting: LHB John Fitzgerald 0-0: Called Strike
0-1: Ball
1-1: Ball
2-1: Swinging Strike
2-2: Ball
3-2: Base on Balls
José Murillo to third
Ken Fingers to second
Batting: RHB Javier Álvarez 0-0: Swinging Strike
0-1: Called Strike
0-2: Ball
1-2: Foul Ball, location: 2F
1-2: SINGLE (Groundball, 34D)
José Murillo scores
Ken Fingers to third
John Fitzgerald to second
Runner from 3rd tries for Home, SAFE, no throw
Pitching: LHP Gerardo Cortéz
Batting: SHB Oliver Riley 0-0: Ball
1-0: Ball
2-0: Called Strike
2-1: Ball
3-1: Called Strike
3-2: Foul Ball, location: 2F
3-2: Foul Ball, location: 2F
3-2: SINGLE (Line Drive, 34D)
John Fitzgerald to third
Javier Álvarez to second
John Fitzgerald scores
Javier Álvarez to third
Pinch Hitting: LHB Roberto Félix 0-0: Swinging Strike
0-1: Ball
1-1: Foul Ball, location: 2F
1-2: Foul Ball, location: 2F
1-2: Ball
2-2: Strikes out swinging
Top of the 7th over - 5 run(s), 4 hit(s), 0 error(s), 2 left on base; El Paso 6 - Scottsdale 5
BOTTOM OF THE 7TH
Scottsdale Scorpions batting - Pitching for El Paso Texans : RHP Bill Hines
Now at 2B: John Wilson
Now in LF: Roberto Félix
Now in CF: William Foley
Batting: RHB Jaime Delgado 0-0: Foul Ball, location: 2F
0-1: Foul Ball, location: 2F
0-2: Ball
1-2: Ball
2-2: Ball
3-2: Foul Ball, location: 2F
3-2: Foul Ball, location: 2F
3-2: Base on Balls
Batting: SHB Ralph Robison 0-0: Called Strike
0-1: Fly out, F7 (Flyball, 7LMF)
Pinch Hitting: LHB José Garza 0-0: Called Strike
Jaime Delgado is caught stealing 2nd base
0-1: Called Strike
0-2: Ball
1-2: Ball
2-2: Strikes out looking
Bottom of the 7th over - 0 run(s), 0 hit(s), 0 error(s), 0 left on base; El Paso 6 - Scottsdale 5
TOP OF THE 8TH
El Paso Texans batting - Pitching for Scottsdale Scorpions : LHP Gerardo Cortéz
Now in LF: José Garza
Batting: RHB Marvin Johnson 0-0: Ball
1-0: Called Strike
1-1: Ball
2-1: Ground out 5-3 (Groundball, 56)
Batting: RHB Wayne Carter 0-0: Ball
1-0: Ball
2-0: Foul Ball, location: 2F
2-1: Swinging Strike
2-2: Strikes out swinging
Batting: RHB José Murillo 0-0: Foul Ball, location: 2F
0-1: Foul Ball, location: 2F
0-2: Ball
1-2: Foul Ball, location: 2F
1-2: Strikes out swinging
Top of the 8th over - 0 run(s), 0 hit(s), 0 error(s), 0 left on base; El Paso 6 - Scottsdale 5
BOTTOM OF THE 8TH
Scottsdale Scorpions batting - Pitching for El Paso Texans : RHP Bill Hines
Pitching: RHP Firmino Orsi
Batting: LHB Ernesto Hernández 0-0: Called Strike
0-1: Swinging Strike
0-2: Foul Ball, location: 2F
0-2: Strikes out looking
Pitching: RHP Carlos Sánchez
Batting: LHB Manny Vigil 0-0: Ball
1-0: Swinging Strike
1-1: SINGLE (Line Drive, 7S)
Pinch Runner at 1st Ricardo Gutiérrez:
Batting: RHB Lúcio Ramírez 0-0: Swinging Strike
0-1: Ball
1-1: Ball
2-1: Fielders Choice at 2nd, 6-4 (Groundball, 6)
Pinch Hitting: RHB Brian Stewart 0-0: Called Strike
0-1: Ground out U3 (Groundball, 34)
Bottom of the 8th over - 0 run(s), 1 hit(s), 0 error(s), 1 left on base; El Paso 6 - Scottsdale 5
TOP OF THE 9TH
El Paso Texans batting - Pitching for Scottsdale Scorpions : LHP Gerardo Cortéz
Now at SS: Ricardo Gutiérrez
Now in LF: Brian Stewart
Batting: RHB Ken Fingers 0-0: Called Strike
0-1: Swinging Strike
0-2: Ball
1-2: Strikes out swinging
Batting: RHB John Wilson 0-0: Ball
1-0: Ball
2-0: Called Strike
2-1: Fly out, F9 (Flyball, 9LM)
Batting: LHB William Foley 0-0: Called Strike
0-1: Ball
1-1: Ground out 4-3 (Groundball, 4S)
Top of the 9th over - 0 run(s), 0 hit(s), 0 error(s), 0 left on base; El Paso 6 - Scottsdale 5
BOTTOM OF THE 9TH
Scottsdale Scorpions batting - Pitching for El Paso Texans : RHP Carlos Sánchez
Pitching: LHP Al Atkins
Pinch Hitting: SHB Juan Gonzáles 0-0: Ball
1-0: Fly out, F7 (Flyball, 78S)
Pinch Hitting: RHB Sergio Domínguez 0-0: Ball
1-0: SINGLE (Line Drive, 56)
Batting: RHB Jaime Delgado 0-0: Foul Ball, location: 2F
0-1: Called Strike
0-2: Ball
1-2: Ground out 6-3 (Groundball, 6S)
Sergio Domínguez to second
Batting: SHB Ralph Robison 0-0: Called Strike
0-1: Foul Ball, location: 2F
0-2: Ball
1-2: Ball
2-2: Strikes out swinging
Bottom of the 9th over - 0 run(s), 1 hit(s), 0 error(s), 1 left on base; El Paso 6 - Scottsdale 5
Thursday, March 30th, 2017 - OOTP Baseball 17.12 Build 75